 Dungeon Crawl Stone Soup version 0.28.0-53-g5a82cb258f (webtiles) character file.

Game seed: 8418201758155545266

356 Renzlar the Shield-Bearer (level 6, 0/53 HPs)
             Began as a Gnoll Fighter on Aug 10, 2022.
             Slain by an orc wizard
             ... wielding a +0 dagger
              (1 damage)
             ... on level 4 of the Dungeon on Aug 11, 2022.
             The game lasted 00:07:10 (2840 turns).

Renzlar the Shield-Bearer (Gnoll Fighter)           Turns: 2840, Time: 00:07:11

Health: 0/53       AC: 14    Str: 17    XL:     6   Next: 63%
Magic:  9/9        EV:  9    Int:  7    God:
Gold:   150        SH:  5    Dex: 12    Spells: 9/9 levels left

rFire   . . .      SeeInvis .   a - +0 war axe
rCold   . . .      Faith    .   j - +0 buckler
rNeg    . . .      Spirit   .   n - +0 plate armour
rPois   .          Reflect  .   p - +0 helmet
rElec   .          Harm     .   (no cloak)
rCorr   .          Rampage  .   (no gloves)
Will    .....                   (no boots)
Stlth   ..........              (no amulet)
HPRegen 0.17/turn               e - +4 ring of evasion
MPRegen 0.11/turn               (no ring)

@: no status effects
A: fangs 1, strong nose, distributed training
a: no special abilities


You were on level 4 of the Dungeon.
You visited 1 branch of the dungeon, and saw 4 of its levels.

You collected 150 gold pieces.

Inventory:

Hand Weapons
 a - a +0 war axe (weapon)
 c - a +0 hunting sling
Missiles
 g - 93 stones (quivered)
 h - 3 poisoned darts
 i - 5 datura-tipped darts
 o - 36 sling bullets
Armour
 b - a +0 scale mail
 j - a +0 buckler (worn)
 n - a +0 plate armour (worn)
 p - a +0 helmet (worn)
Jewellery
 e - a +4 ring of evasion (left hand)
Scrolls
 q - a scroll of holy word
Potions
 d - a potion of might
 f - a potion of berserk rage {unknown}
 k - a potion of ambrosia {unknown}
 l - 3 potions of curing {unknown}
 m - a potion of attraction {unknown}
 r - a potion of magic {unknown}
 s - a potion of invisibility {unknown}


   Skills:
 + Level 6.8 Fighting
 + Level 2.0 Short Blades
 + Level 2.0 Long Blades
 + Level 5.0 Axes
 + Level 2.0 Maces & Flails
 + Level 2.0 Polearms
 + Level 2.0 Staves
 + Level 2.0 Slings
 + Level 2.0 Bows
 + Level 2.0 Crossbows
 + Level 2.0 Throwing
 + Level 6.8 Armour
 + Level 2.0 Dodging
 + Level 2.0 Stealth
 + Level 6.8 Shields
 + Level 2.0 Unarmed Combat
 + Level 2.0 Spellcasting
 + Level 1.6 Conjurations
 + Level 1.6 Hexes
 + Level 1.6 Summonings
 + Level 1.6 Necromancy
 + Level 1.6 Translocations
 + Level 1.6 Transmutations
 + Level 1.6 Fire Magic
 + Level 1.6 Ice Magic
 + Level 1.6 Air Magic
 + Level 1.6 Earth Magic
 + Level 1.6 Poison Magic
 + Level 2.2 Invocations
 + Level 2.0 Evocations


You had 9 spell levels left.
You didn't know any spells.
Your spell library contained the following spells:

 Spells                   Type           Power      Damage    Failure   Level
 Summon Guardian Golem    Hex/Summ       3%         N/A       100%        3
 Orb of Destruction       Conj           1%         9d5       100%        7
 Spellforged Servitor     Conj/Summ      1%         N/A       100%        7


Dungeon Overview and Level Annotations

Branches:
Dungeon (4/15)
 Temple: D:4-7

Altars:


Innate Abilities, Weirdness & Mutations

You have very sharp teeth.
Your uncanny sense of smell can sniff out nearby items.
Your experience applies equally to all skills.


Message History

The orc priest looks encouraged for a moment.
You hit the orc priest.
You bite the orc priest, but do no damage.
The orc priest is severely wounded.
You closely miss something. Something hits you.
* * * LOW HITPOINT WARNING * * *
The orc priest hits you but does no damage.
Unknown command.
You slash the orc priest!
You kill the orc priest!
You miss something. Something hits you but does no damage.
You block something's attack.
You barely miss something. Something hits you but does no damage.
You miss something. Something hits you but does no damage.
You completely miss something. You block something's attack.
You hear some strange, mumbled words.
You are confused.
You miss something.
You hear some strange, mumbled words.
A puff of flame appears from out of thin air!
The puff of flame misses you. Something hits you but does no damage.
You bump into the rock wall.
You hear some strange, mumbled words.
A puff of flame appears from out of thin air!
The puff of flame hits you.
* * * LOW HITPOINT WARNING * * *
You barely miss something.
You hear some strange, mumbled words.
Something tries to affect you, but you resist.
Found a stone staircase leading up.
You feel less confused. Something hits you but does no damage.
Something hits you but does no damage.
You miss something. Something hits you.
* * * LOW HITPOINT WARNING * * *
You miss something. Something hits you but does no damage. Something hits you.
* * * LOW HITPOINT WARNING * * *
You closely miss something. Your bite misses something. Something hits you.
You die...

###.<####.
......#...
.........##
#......... .###.
#(.......# .....
#.(......# #....#
#..(.....###.....
#........#.....#
..##.(.@{......###
#....)........#
.#...<..........
#.........#######.
............#
#...........#
#..........>.#
#..............
#.....(.........


There were no monsters in sight!

Vanquished Creatures
  Sigmund (D:2)
  A scorpion (D:3)
  An orc priest (D:4)
  Robin (D:3)
  3 adders
  A worm (D:2)
  3 orcs (D:3)
  5 endoplasms
  A giant cockroach (D:1)
  15 goblins
  8 hobgoblins
  4 jackals (D:2)
  3 kobolds
  2 quokkas (D:1)
  A ball python (D:2)
  5 bats
  4 frilled lizards
  6 rats
65 creatures vanquished.

Notes
Turn   | Place    | Note
-------+----------+-------------------------------------------
     0 | D:1      | Renzlar the Gnoll Fighter began the quest for the Orb.
     0 | D:1      | Reached XP level 1. HP: 23/23 MP: 1/1
   200 | D:1      | Reached XP level 2. HP: 29/29 MP: 2/2
  1089 | D:2      | Reached XP level 3. HP: 35/35 MP: 3/3
  1133 | D:2      | Noticed Sigmund
  1142 | D:2      | Killed Sigmund
  1143 | D:2      | Reached skill level 1 in Short Blades
  1143 | D:2      | Reached skill level 1 in Long Blades
  1143 | D:2      | Reached skill level 1 in Maces & Flails
  1143 | D:2      | Reached skill level 1 in Polearms
  1143 | D:2      | Reached skill level 1 in Staves
  1143 | D:2      | Reached skill level 1 in Slings
  1143 | D:2      | Reached skill level 1 in Bows
  1143 | D:2      | Reached skill level 1 in Crossbows
  1143 | D:2      | Reached skill level 1 in Throwing
  1143 | D:2      | Reached skill level 1 in Dodging
  1143 | D:2      | Reached skill level 1 in Stealth
  1143 | D:2      | Reached skill level 1 in Unarmed Combat
  1143 | D:2      | Reached skill level 1 in Spellcasting
  1143 | D:2      | Reached skill level 1 in Conjurations
  1143 | D:2      | Reached skill level 1 in Hexes
  1143 | D:2      | Reached skill level 1 in Summonings
  1143 | D:2      | Reached skill level 1 in Necromancy
  1143 | D:2      | Reached skill level 1 in Translocations
  1143 | D:2      | Reached skill level 1 in Transmutations
  1143 | D:2      | Reached skill level 1 in Fire Magic
  1143 | D:2      | Reached skill level 1 in Ice Magic
  1143 | D:2      | Reached skill level 1 in Air Magic
  1143 | D:2      | Reached skill level 1 in Earth Magic
  1143 | D:2      | Reached skill level 1 in Poison Magic
  1143 | D:2      | Reached skill level 1 in Invocations
  1143 | D:2      | Reached skill level 1 in Evocations
  1143 | D:2      | Reached XP level 4. HP: 28/41 MP: 4/6
  1143 | D:2      | Reached XP level 5. HP: 32/47 MP: 4/7
  1931 | D:3      | Found a faded altar of an unknown god.
  1938 | D:3      | Reached XP level 6. HP: 53/53 MP: 8/8
  1956 | D:3      | Noticed Robin
  1964 | D:3      | Killed Robin
  2144 | D:3      | Reached skill level 5 in Axes
  2833 | D:4      | HP: 1/53 [something/puff of flame (4)]
  2838 | D:4      | HP: 1/53 [something (1)]
  2840 | D:4      | Slain by an orc wizard

Illustrated notes

Levels and vault maps discovered:
D:1:      eino_arrival_cavern_c, layout_basic
D:2:      minmay_angry_zag, layout_loops_cross, uniq_sigmund
D:3:      layout_basic, dreamdust_ecumenical_altar_statues, uniq_robin
D:4:      layout_cave_pools, mainiacjoe_overflow_paths,
          lemuel_zombie_altar_yredelemnul, minmay_temple_entry_enclosed_plants

Skill      XL: |  1  2  3  4  5  6 |
---------------+-------------------+-----
Short Blades   | 1 2 |  2.0
Long Blades    | 1 2 |  2.0
Maces & Flails | 1 2 |  2.0
Polearms       | 1 2 |  2.0
Staves         | 1 2 |  2.0
Slings         | 1 2 |  2.0
Bows           | 1 2 |  2.0
Crossbows      | 1 2 |  2.0
Throwing       | 1 2 |  2.0
Dodging        | 1 2 |  2.0
Stealth        | 1 2 |  2.0
Unarmed Combat | 1 2 |  2.0
Spellcasting   | 1 2 |  2.0
Conjurations   | 1 |  1.6
Hexes          | 1 |  1.6
Summonings     | 1 |  1.6
Necromancy     | 1 |  1.6
Translocations | 1 |  1.6
Transmutations | 1 |  1.6
Fire Magic     | 1 |  1.6
Ice Magic      | 1 |  1.6
Air Magic      | 1 |  1.6
Earth Magic    | 1 |  1.6
Poison Magic   | 1 |  1.6
Invocations    | 1 2 |  2.2
Evocations     | 1 2 |  2.0
Axes           | 5 |  5.0
Fighting       | |  6.8
Armour         | |  6.8
Shields        | |  6.8

Action                   |  1- 3 |  4- 6 || total
-------------------------+-------+-------++-------
Melee: War axe           |    53 |    80 ||   133
       Bite              |     5 |     6 ||    11
 Fire: Hunting sling     |    29 |    48 ||    77
Throw: Dart              |     3 |       ||     3
  Use: Scroll            |     1 |     1 ||     2
Armor: Scale mail        |    15 |    12 ||    27
       Plate armour      |       |    51 ||    51
Dodge: Dodged            |    36 |    45 ||    81
Block: Buckler           |    15 |    23 ||    38
